AoeStats
← Barbarian

Arena

507214590Analyzed
1v1 RM · 15d ago on Sep 17, 2026· 49m 35s· 2 players
Game mode
Random Map
Map size
Tiny (2 player)
Population
200
Speed
Normal
Resources
Standard
Victory
Conquest
Starting age
Dark Age
Ending age
Imperial Age
RankedLock teamsTeams togetherTeam positionsShared explorationLock speedFull tech treeHidden civsTurbo modeCheats
Victory
Defeat
🇲🇽 Malians · Mexico
914
+14
🇩🇪 Cumans · Germany
872
-14
Barbarian
7:04 Loom
9:23 Feudal Age
11:15 Double-Bit Axe
11:13 Horse Collar
17:13 Wheelbarrow
16:25 Man-at-Arms
25:11 Castle Age
23:50 Arson
24:05 Gold Mining
25:48 Scale Mail Armor
25:41 Fletching
26:02 Forging
25:18 Long Swordsman
26:02 Squires
26:06 Heavy Plow
26:20 Bow Saw
26:03 Crossbowman
28:00 Capped Ram
28:46 Padded Archer Armor
28:11 Pikeman
28:51 Bodkin Arrow
29:11 Thumb Ring
31:08 Leather Archer Armor
32:12 Hand Cart
32:58 Iron Casting
32:52 Scale Barding Armor
33:50 Ballistics
34:15 Steppe Husbandry
35:46 Chain Mail Armor
35:52 Chain Barding Armor
35:21 Town Watch
37:15 Gold Shaft Mining
36:34 Stone Mining
40:29 Imperial Age
37:30 Elite Skirmisher
39:17 Murder Holes
39:58 Town Patrol
41:04 Bloodlines
40:16 Light Cavalry
40:51 Siege Ram
41:05 Sappers
41:57 Conscription
42:56 Two-Man Saw
42:28 Crop Rotation
42:38 Plate Barding Armor
42:16 Masonry
43:31 Guilds
45:02 Blast Furnace
45:29 Ring Archer Armor
44:23 Heavy Cavalry Archer
45:53 Parthian Tactics
46:08 Hoardings
46:16 Halberdier
47:52 Elite Kipchak
darkcry7562
6:17 Loom
11:36 Feudal Age
10:30 Loom
15:35 Castle Age
14:03 Double-Bit Axe
19:38 Forging
19:28 Scale Mail Armor
22:06 Bow Saw
22:23 Scale Mail Armor
26:12 Chain Mail Armor
26:32 Iron Casting
25:47 Fletching
36:27 Imperial Age
34:35 Wheelbarrow
33:47 Town Watch
35:37 Hand Cart
36:52 Gold Mining
36:52 Stone Mining
37:35 Conscription
36:36 Elite Gbeto
38:28 Chemistry
37:12 Elite Gbeto
38:54 Gold Shaft Mining
38:56 Stone Shaft Mining
39:42 Plate Mail Armor
42:45 Scale Barding Armor
43:09 Horse Collar
43:38 Husbandry
43:57 Bloodlines
43:42 Heavy Camel Rider
46:02 Chain Barding Armor
Connection lost

Rejoining the realm…

Still unreachable

The connection could not be restored.

Session expired

The server has moved on; the page needs a fresh start.